 Dungeon Crawl Stone Soup version 0.22.1-1-ga44c0e5 (webtiles) character file.

1584662 DAS2 the Hawkeye (level 27, 295/297 HPs)
             Began as a Troll Fighter on Sept 26, 2018.
             Escaped with the Orb
             ... and 3 runes on Sept 27, 2018!
             The game lasted 04:32:34 (89709 turns).

DAS2 the Hawkeye (Troll Fighter)                   Turns: 89709, Time: 04:32:35

Health: 295/297    AC: 27    Str: 36    XL:     27
Magic:  27/27      EV: 10    Int:  2    God:
Gold:   2322       SH: 22    Dex: 13    Spells: 27/33 levels left

rFire    + + .     SeeInvis +     - Unarmed
rCold    + + .     Gourm    +   T - +0 large shield
rNeg     . . .     Faith    .   e - +3 gold dragon scales
rPois    +         Spirit   .   M - +0 mask of the Dragon {MR+ Slay+3 SInv}
rElec    .         Reflect  .   y - scarf {rC+ rF+}
rCorr    +         Harm     .   (gloves unavailable)
MR       +++++     Rnd*Rage +   (boots unavailable)
Stlth    ..........             U - necklace of Bloodlust {*Rage +Rage MR++ Int-3 Slay+6 *Curse}
HPRegen  0.99/turn              V - +4 ring of slaying
MPRegen  0.20/turn              u - ring of resist corrosion

@: no status effects
A: large, unfitting armour, claws 3, fast metabolism 3, gourmand, regeneration
1, shaggy fur 1, tough skin 2
0: Orb of Zot
}: 3/15 runes: serpentine, barnacled, slimy
a: Evoke Berserk Rage


You escaped.
You were very hungry.

You visited 11 branches of the dungeon, and saw 54 of its levels.
You visited 1 bazaar.
You also visited: Labyrinth, Trove and Wizlab.

You collected 7273 gold pieces.
You spent 4951 gold pieces at shops.


Innate Abilities, Weirdness & Mutations

You are too large for most types of armour.
You have claws for hands.
Your metabolism is lightning-fast.
You like to eat raw meat.
Your natural rate of healing is unusually fast.
You are covered in fur. (AC +1)
You have very tough skin. (AC +2)


   Skills:
 + Level 21.6 Fighting
 + Level 22.3 Throwing
 + Level 18.2 Armour
 - Level 9.4 Dodging
 - Level 14.2 Shields
 - Level 20.0 Unarmed Combat
 - Level 3.6 Spellcasting
 - Level 6.2 Hexes
 - Level 8.8 Translocations


You had 27 spell levels left.
You knew the following spells:

 Your Spells              Type           Power        Failure   Level  Hunger
a - Apportation           Tloc           #.....       12%         1    ##.....
o - Portal Projectile     Hex/Tloc       #.....       52%         3    ####...
I - Blink                 Tloc           N/A          17%         2    ###....

Your spell library contained the following spells:

 Spells                   Type           Power        Failure   Level  Hunger
 Confusing Touch          Hex            #.....       34%         1    ##.....
 Corona                   Hex            #......      34%         1    ##.....
 Gell's Gravitas          Tloc           #.........   34%         3    ####...
 Lesser Beckoning         Tloc           #.........   34%         3    ####...
 Teleport Other           Tloc           #.......     34%         3    ####...
 Slow                     Hex            #.......     45%         2    ###....
 Shroud of Golubria       Chrm/Tloc      #.........   71%         2    ###....
 Confuse                  Hex            #.......     71%         3    ####...
 Tukima's Dance           Hex            #.......     71%         3    ####...
 Ensorcelled Hibernation  Hex/Ice        #.....       88%         2    ###....
 Recall                   Summ/Tloc      N/A          91%         3    ####...
 Dazzling Spray           Conj/Hex       #.....       98%         3    ####...
 Inner Flame              Hex/Fire       #.......     98%         3    ####...
 Spectral Weapon          Hex/Chrm       #.......     98%         3    ####...
 Animate Skeleton         Necr           N/A          99%         1    ##.....
 Beastly Appendage        Tmut           #.....       99%         1    ##.....
 Flame Tongue             Conj/Fire      #....        99%         1    ##.....
 Infusion                 Chrm           #...         99%         1    ##.....
 Magic Dart               Conj           #...         99%         1    ##.....
 Sandblast                Erth           #.....       99%         1    ##.....
 Shock                    Conj/Air       #...         99%         1    ##.....
 Sting                    Conj/Pois      #...         99%         1    ##.....
 Summon Butterflies       Summ           #.......     99%         1    ##.....
 Summon Small Mammal      Summ           #...         99%         1    ##.....
 Call Imp                 Summ           #.......     100%        2    ###....
 Corpse Rot               Necr           N/A          100%        2    ###....
 Passwall                 Tmut/Erth      #.......     100%        2    ###....
 Poisonous Vapours        Pois/Air       #.....       100%        2    ###....
 Searing Ray              Conj           #.....       100%        2    ###....
 Song of Slaying          Chrm           #.......     100%        2    ###....
 Sticks to Snakes         Tmut           #.......     100%        2    ###....
 Sublimation of Blood     Necr           #.........   100%        2    ###....
 Swiftness                Chrm/Air       #.......     100%        2    ###....
 Throw Flame              Conj/Fire      #.....       100%        2    ###....
 Call Canine Familiar     Summ           #.......     100%        3    ####...
 Conjure Flame            Conj/Fire      #.......     100%        3    ####...
 Ignite Poison            Fire/Tmut/Pois #.......     100%        3    ####...
 Mephitic Cloud           Conj/Pois/Air  #.......     100%        3    ####...
 Regeneration             Chrm/Necr      #.........   100%        3    ####...
 Spider Form              Tmut/Pois      #.........   100%        3    ####...
 Static Discharge         Conj/Air       #.......     100%        3    ####...
 Stone Arrow              Conj/Erth      #.....       100%        3    ####...
 Vampiric Draining        Necr           #.........   100%        3    ####...
 Force Lance              Conj/Tloc      #.......     100%        4    #####..
 Fulminant Prism          Conj/Hex       #.........   100%        4    #####..
 Ice Form                 Ice/Tmut       #.......     100%        4    #####..
 Iskenderun's Mystic Bla  Conj           #.......     100%        4    #####..
 Leda's Liquefaction      Hex/Erth       #.........   100%        4    #####..
 Olgreb's Toxic Radiance  Pois           #.......     100%        4    #####..
 Petrify                  Tmut/Erth      #.......     100%        4    #####..
 Sticky Flame             Conj/Fire      #.......     100%        4    #####..
 Summon Ice Beast         Ice/Summ       #.......     100%        4    #####..
 Summon Lightning Spire   Summ/Air       #.......     100%        4    #####..
 Agony                    Necr           #.......     100%        5    ######.
 Alistair's Intoxication  Tmut/Pois      #.......     100%        5    ######.
 Aura of Abjuration       Summ           #.........   100%        5    ######.
 Blade Hands              Tmut           #.........   100%        5    ######.
 Bolt of Draining         Conj/Necr      #.........   100%        5    ######.
 Bolt of Magma            Conj/Fire/Erth #.........   100%        5    ######.
 Borgnjor's Vile Clutch   Necr/Erth      #.........   100%        5    ######.
 Dispel Undead            Necr           #.......     100%        5    ######.
 Excruciating Wounds      Chrm/Necr      #.........   100%        5    ######.
 Fireball                 Conj/Fire      #.........   100%        5    ######.
 Lee's Rapid Deconstruct  Erth           #.........   100%        5    ######.
 Lightning Bolt           Conj/Air       #.........   100%        5    ######.
 Metabolic Englaciation   Hex/Ice        #.........   100%        5    ######.
 Silence                  Hex/Air        #.........   100%        5    ######.
 Summon Demon             Summ           #.........   100%        5    ######.
 Summon Forest            Summ/Tloc      #.........   100%        5    ######.
 Summon Mana Viper        Hex/Summ       #.......     100%        5    ######.
 Venom Bolt               Conj/Pois      #.........   100%        5    ######.
 Yara's Violent Unravell  Hex/Tmut       #.........   100%        5    ######.
 Bolt of Cold             Conj/Ice       #.........   100%        6    #######
 Conjure Ball Lightning   Conj/Air       #.........   100%        6    #######
 Darkness                 Hex            #.........   100%        6    #######
 Deflect Missiles         Chrm/Air       #.........   100%        6    #######
 Dispersal                Tloc           #.........   100%        6    #######
 Freezing Cloud           Conj/Ice/Air   #.........   100%        6    #######
 Hydra Form               Tmut           #.........   100%        6    #######
 Invisibility             Hex            #.......     100%        6    #######
 Iron Shot                Conj/Erth      #.........   100%        6    #######
 Ozocubu's Refrigeration  Ice            #.........   100%        6    #######
 Poison Arrow             Conj/Pois      #.........   100%        6    #######
 Shadow Creatures         Summ           N/A          100%        6    #######
 Simulacrum               Ice/Necr       #.........   100%        6    #######
 Statue Form              Tmut/Erth      #........    100%        6    #######
 Spellforged Servitor     Conj/Summ      #.........   100%        7    #######
 Summon Hydra             Summ           #.........   100%        7    #######
 Chain Lightning          Conj/Air       #.........   100%        8    #######
 Controlled Blink         Tloc           N/A          100%        8    #######
 Disjunction              Tloc           #.........   100%        8    #######
 Ignition                 Fire           #.........   100%        8    #######
 Lehudib's Crystal Spear  Conj/Erth      #.........   100%        8    #######
 Fire Storm               Conj/Fire      #.........   100%        9    #######
 Glaciate                 Conj/Ice       #.........   100%        9    #######
 Shatter                  Erth           #.........   100%        9    #######
 Tornado                  Air            #.........   100%        9    #######
 Passage of Golubria      Tloc           Unusable     N/A         4    N/A

Inventory:

Hand Weapons
 J - a cursed +0 blowgun {@w1}
Missiles
 c - 94 large rocks (quivered) {=f}
 i - 7 poisoned javelins
 w - 11 throwing nets {=f}
 K - 17 curare-tipped needles {=f}
 X - 33 javelins
 Z - 3 silver javelins
Armour
 e - +3 gold dragon scales (worn)
 l - a +2 cloak of invisibility
 y - a scarf of resistance (worn)
 L - the +0 hat of Mental Paralysis {-Cast rElec Regen+ Int+4}
   (You acquired it on level 3 of the Elven Halls)

   It affects your intelligence (+4).
   It insulates you from electricity.
   It prevents spellcasting.
   It increases your rate of regeneration.
 M - the +0 mask of the Dragon (worn) {MR+ Slay+3 SInv}
   (You found it on level 4 of the Shoals)

   It affects your accuracy and damage with ranged weapons and melee attacks
   (+3).
   It affects your resistance to hostile enchantments.
   It lets you see invisible.
 P - the +2 shield "Offa" {-Cast +Inv rPois rCorr}
   (You took it off a tengu warrior on level 4 of the Depths)

   It protects you from poison.
   It lets you turn invisible.
   It prevents spellcasting.
   It provides partial protection from all sources of acid and corrosion.
 T - a +0 large shield (worn)
Jewellery
 f - a +4 ring of intelligence {unknown}
 u - a ring of resist corrosion (right claw)
 C - an uncursed ring of protection from cold
 F - an uncursed ring of protection from fire
 R - an uncursed ring of resist corrosion
 U - the necklace of Bloodlust (around neck) {*Rage +Rage MR++ Int-3 Slay+6 *Curse}
   (You bought it in a shop in a bazaar)

   [amulet of rage]

   It affects your intelligence (-3).
   It affects your accuracy and damage with ranged weapons and melee attacks
   (+6).
   It affects your resistance to hostile enchantments.
   It lets you go berserk.
   It may make you go berserk in combat.
   It curses itself when equipped.
 V - a +4 ring of slaying (left claw)
 Y - a +4 ring of slaying
Wands
 n - a wand of flame (59)
 r - a wand of digging (22)
 x - a wand of acid (9)
 I - a wand of polymorph (17)
Scrolls
 g - a scroll of summoning
 m - 13 scrolls of teleportation {@r4}
 o - 3 scrolls of fog
 q - 28 scrolls of remove curse {@r2}
 s - 8 scrolls of amnesia
 B - a scroll of magic mapping
 D - 3 scrolls of holy word
 O - 6 scrolls of fear
 W - 14 scrolls of identify {@r1}
Potions
 b - 4 potions of agility
 d - a potion of invisibility
 h - 4 potions of ambrosia
 j - 2 potions of brilliance
 k - 8 potions of mutation {!q}
 t - 12 potions of curing {@q1}
 v - 9 potions of lignification {!q}
 A - 8 potions of flight
 E - 9 potions of heal wounds {@q2}
 G - 9 potions of magic
 H - a potion of haste {@q3}
 N - 2 potions of might
 Q - 5 potions of cancellation
 S - a potion of resistance
Miscellaneous
 a - 2 phantom mirrors
 p - 2 sacks of spiders
Comestibles
 z - 40 rations {@e1}

Dungeon Overview and Level Annotations

Branches:
Dungeon (15/15)            Temple (0/1) D:4            Lair (6/6) D:10
 Shoals (4/4) Lair:3        Snake (4/4) Lair:3        Slime (5/5) Lair:6
    Orc (2/2) D:12            Elf (3/3) Orc:2        Vaults (4/5) D:13
  Crypt (0/3) Vaults:3     Depths (5/5) D:15           Hell (1/1)
    Zot (5/5) Depths:5
    Dis: Hell:1         Geh: Hell:1         Coc: Hell:1         Tar: Hell:1

Altars:
Cheibriados
Dithmenos
Elyvilon
Fedhas
Gozag
Hepliaklqana
Makhleb
Nemelex Xobeh
Trog
Uskayaw
Vehumet
Xom
Zin
The Shining One
Beogh
Jiyva
Lugonu

Shops:
D:4 *   D:10 (   D:11 }[?   D:13 (   D:15 (   Orc:2 =*([   Elf:2 *
Elf:3 *[(}(   Snake:4 }=   Vaults:4 (*!   Depths:3 =}

Portals:
Hell: Depths:1 Depths:2 Depths:3 Depths:4 Depths:5
Abyss: Depths:4 Depths:5
Pandemonium: Depths:1 Depths:3 Depths:4
Ziggurat: Depths:3

Annotations:
D:9 2 transporters
Lair:3 exclusion: downstairs
Lair:5 1 runed door, frimble's ghost, journeyman OpAs
Elf:2 3 runed doors
Hell Geryon
Zot:3 35 runed doors

.................##..##.#...#....
.................###.##.#...#.###
#########...............#........
# #.##.........##.#..##...# #
#.#84........8#.#........ #
#.#...........#.#........ #
#.#8.........8#.#..###### #
#.##.........##.#........ #
#.#####8@8#####.#..###### #
#.######.######.#..# ###
#............##.#..# #..
#####...........#..# #.#
#.######.####..# #.# #.# #.##
#..# #.. #.# #..# #..###### #.#
##.###........ #.# #..##..######


You could see a chaos spawn.


Message History

Press: ? - help, Shift-Dir - straight line, f/p - Brimstone Fiend
Aim: a Brimstone Fiend You throw a large rock {=f}.
The large rock {=f} hits the Brimstone Fiend!!
The Brimstone Fiend is moderately wounded.
Throwing (i - inventory. (/) - cycle)
c - 96 large rocks (quivered)
{=f}
Press: ? - help, Shift-Dir - straight line, f/p - Brimstone Fiend
Aim: a Brimstone Fiend (moderately wounded)
You throw a large rock {=f}.
The large rock {=f} hits the Brimstone Fiend!!!
The Brimstone Fiend is almost dead.
The Brimstone Fiend gestures at you.
The sphere of damnation explodes!
The damnation engulfs you!
Throwing (i - inventory. (/) - cycle)
c - 95 large rocks (quivered)
{=f}
Press: ? - help, Shift-Dir - straight line, f/p - Brimstone Fiend
Aim: a Brimstone Fiend (almost dead)
You throw a large rock {=f}.
The large rock {=f} hits the Brimstone Fiend!!!
You kill the Brimstone Fiend!
There is a stone staircase leading up here.
You climb upwards.
There is a stone staircase leading down here.
Evoke which item? (* to show all) (? for menu, Esc to quit)
Aiming: Dig
Press: ? - help, Shift-Dir - straight line A rock wall.
This square is covered in magical glow.
The rock shatters into small pieces.
There is a staircase leading out of the dungeon here.
You have escaped!

Skill      XL: |  1  2  3  4  5  6  7  8  9 10 11 12 13 14 15 16 17 18 19 20 21 22 23 24 25 26 27 |
---------------+----------------------------------------------------------------------------------+-----
Dodging        | 3 4 5 6 7 8 9 |  9.4
Shields        | 3 4 5 7 8 9 10 12 13 14 | 14.2
Fighting       | 3 4 5 6 7 8 9 10 11 12 13 14 15 16 17 18 19 21 | 21.6
Unarmed Combat | 3 4 5 6 8 9 11 12 13 14 15 16 17 18 19 20 | 20.0
Throwing       | 2 4 7 8 9 11 12 13 14 15 16 17 19 20 22 | 22.3
Armour         | 3 5 6 8 9 11 12 14 15 18 | 18.2
Translocations | 5 8 |  8.8
Hexes          | 5 6 |  6.2
Spellcasting   | 3 |  3.6

Action                   |  1- 3 |  4- 6 |  7- 9 | 10-12 | 13-15 | 16-18 | 19-21 | 22-24 | 25-27 || total
-------------------------+-------+-------+-------+-------+-------+-------+-------+-------+-------++-------
Melee: Unarmed           |   109 |   120 |   351 |   825 |   762 |  1400 |  1594 |  1560 |  1282 ||  8003
Throw: Stone             |       |       |       |    11 |    13 |       |       |       |       ||    24
       Large rock        |       |       |       |     6 |    39 |   162 |   134 |   341 |   511 ||  1193
       Javelin           |       |       |       |       |       |    18 |    18 |       |       ||    36
       Tomahawk          |       |       |       |       |       |       |     1 |       |       ||     1
 Cast: Portal Projectile |       |       |       |       |       |       |    16 |    26 |     5 ||    47
Evoke: Wand              |       |       |       |    10 |     1 |     2 |       |     2 |     7 ||    22
       Phantom mirror    |       |       |       |       |       |       |     1 |       |       ||     1
       Sack of spiders   |       |       |       |       |       |       |       |       |     1 ||     1
  Use: Scroll            |     2 |     3 |     4 |    13 |     5 |    13 |    13 |    16 |    29 ||    98
       Potion            |       |     1 |     1 |     7 |     3 |     2 |     6 |     6 |    23 ||    49
 Stab: Distracted        |       |       |       |       |       |     1 |       |       |       ||     1
       Invisible         |       |       |       |       |       |       |     1 |       |     6 ||     7
  Eat: Chunk             |    17 |    18 |    46 |    73 |    55 |   100 |   106 |   151 |    91 ||   657
       Ration            |       |       |       |     2 |       |     1 |     9 |     9 |    33 ||    54
Armor: Robe              |    43 |    20 |    45 |    74 |       |       |       |     8 |       ||   190
       Troll leather arm |       |       |       |    57 |    92 |   133 |   161 |    65 |       ||   508
       Gold dragon scale |       |       |       |       |       |       |       |   259 |   477 ||   736
Dodge: Dodged            |    31 |    28 |    60 |   237 |   257 |   383 |   329 |   255 |   254 ||  1834
Block: Shield            |    51 |    37 |     7 |       |       |       |       |       |       ||    95
       Large shield      |       |       |   212 |   713 |   722 |  1316 |  1395 |  1439 |  1106 ||  6903
       Reflection        |       |       |       |       |       |   137 |   115 |   115 |       ||   367

Vault maps used:
D:1:      mrwooster_arrival_statue_2, st_stairs_8
D:2:      lemuel_doored_altar, serial_forest, infiniplex_forest_lined_corner,
          infiniplex_forest_lined_4_way, infiniplex_forest_end_1,
          infiniplex_forest_zigzag_1
D:3:      lemuel_round_altar, grunt_gozag_breadcrumbs
D:4:      minmay_temple_entry_junction, serial_shops, shop_coins, uniq_grinder,
          uniq_robin
D:5:      first_ration
D:6:      grunt_temple_overflow_lords_of_destruction, tgw_trog,
          uniq_prince_ribbit1
D:7:      grunt_dithmenos_smoke, nicolae_overflow_hidden_temple
D:8:      lemuel_crystal_altar, kennysheep_mini, xom_shifter_show,
          hangedman_ranch, minmay_misc_feat_tiny
D:9:      gammafunk_steamed_eel, marbit_many_paths, kennysheep_mini_moat,
          lightli_minifort
D:10:     minmay_lair_entry_grove, serial_shops, nicolae_shop_crystal
D:11:     serial_shops, nicolae_shop_behind_doors, nicolae_shop_behind_doors,
          shop, uniq_nergalle, uniq_harold
D:12:     orc_0_dummy, serial_column_ruins, column_ruins_hut,
          column_ruins_hut_ruined, column_ruins_columns_corner,
          column_ruins_corridor_straight, column_ruins_open_small,
          column_ruins_open_large, column_ruins_columns_straight,
          column_ruins_grid_1, nemelex_diamond_rough_becter, uniq_gastronok,
          uniq_snorg
D:13:     lightli_vaults_fourway_checkpoint, serial_shops, shop,
          minmay_checkered_concentric_circles, uniq_erolcha
D:14:     hangedman_decor_riveting, nrook_guardian_serpent_ordinary
D:15:     gammafunk_enter_depths_forms, serial_shops, shop, basic_altar,
          serial_curves, eino_curves_03, eino_curves_04, old_standard_altar,
          tgw_lugonu_bribe
Lair:1:   st_stairs_4, nicolae_quartered_pool_medium, serial_bayou_shore_b,
          uniq_sonja
Lair:3:   shoals_dummy_entry, minmay_snake_entry_guardpost_small,
          lab_entry_generic
Lair:4:   beast_lair_carwin_10
Lair:5:   ebering_ghost_xom, serial_bayou_shore_a, lemuel_fruit_tree
Lair:6:   cheibrodos_lair_end_hotspot, slime_altar_1, kennysheep_basilisk_garden
Shoals:1: serial_shops, bzr_entry_water, nicolae_shoals_so_close
Shoals:3: nicolae_shoals_aquamancer_cove
Shoals:4: shoals_end_grunt_ice, uniq_roxanne
Snake:3:  dpeg_oklob_gauntlet, hangedman_snake_corridor_cut
Snake:4:  grunt_snake_rune_pools, serial_shops, shop, shop, grunt_megastairs_2,
          uniq_louise, uniq_vashnia
Orc:1:    basic_altar, elves_outpost_lemuel
Orc:2:    grunt_orc_gardens, grunt_orc_garden, grunt_orc_garden,
          grunt_orc_garden, grunt_orc_garden, uniq_josephine
Elf:1:    elf_arrival_002, special_room, orc_legates, nicolae_wwwww, door_vault
Elf:2:    basic_altar, serial_shops, shop, basic_stair_grate_trap
Elf:3:    minmay_elf_hall, serial_shops, shop, shop, nicolae_shop_statue_plus,
          shop, shop, mu_enter_wizlab_6, special_room
Vaults:1: v_misc_23, hangedman_vaults_stream, grunt_vaults_bifocal,
          hangedman_vaults_trim, trove_entry_hex_spiral
Vaults:2: nicolae_vaults_network_barrier, v_misc_13, ontoclasm_vaults_ligature,
          hangedman_vaults_trim, v_misc_16, v_misc_27, v_alt_pattern_3,
          ontoclasm_vaults_claustrophobia, hangedman_vaults_river_flow,
          nicolae_vaults_little_squares_5, v_misc_27, ontoclasm_vaults_pinch,
          nicolae_vaults_angled_halls, vaults_dpeg_diagonal,
          vaults_dpeg_encased_lava
Vaults:3: st_squares, ontoclasm_vaults_chip,
          vaults_standard_mumra_enter_the_diamond,
          minmay_crypt_entry_skeletal_spiral, hangedman_vaults_nodes,
          v_pattern_2, v_misc_4, nicolae_vaults_ninety_degrees
Vaults:4: hangedman_vaults_stitches, hangedman_vaults_hard_town_square,
          hangedman_vaults_cutoff, v_misc_27, nicolae_vaults_asterisk,
          nicolae_vaults_circle_grid_b, grunt_vaults_diagonal,
          ontoclasm_vaults_loading_screen, nicolae_vaults_alarming,
          ontoclasm_vaults_shuriken
Depths:1: minmay_curly_fans, pan_entry, minmay_misc_feat_secret_circle,
          hell_entry, corner_web_ring, spider_trap, kennysheep_four_rooms
Depths:2: lemuel_castle_with_subvaults, hell_entry, minmay_misc_feat_pillars,
          uniq_nikola
Depths:3: evilmike_inaccessible_box, enter_ziggurat_a, pf_coc_iceberg,
          interstate_on_off, rand_demon_pan_entry_8,
          nemelex_xobeh_ov_fountains_minmay, minmay_shop_grove
Depths:4: grunt_profane_halls, pan_entry, serial_shops, abyss_entry, hell_entry
Depths:5: grunt_bruiser_brothers, serial_sigils, serial_sigils_hangedman_gut,
          serial_sigils_hangedman_quiver, serial_sigils_hangedman_clutch,
          serial_sigils_hangedman_snap, serial_sigils_hangedman_scratch,
          serial_sigils_hangedman_gut, marbit_kobold_abyss_entry, hell_entry,
          serial_bayou_shore_b
Zot:2:    ebering_ghost_inner_flame, st_stairs_9
Zot:3:    door_vault
Zot:4:    nicolae_zot_crop_circle
Zot:5:    st_stairs_13
Lab:      nicolae_lab_dead_adventurers, lab_statue, nicolae_lab_big_swirl
Bazaar:   bazaar_jpeg_circle_common
Trove:    trove_weapon_1
WizLab:   wizlab_lehudib

Notes
Turn   | Place    | Note
-------+----------+-------------------------------------------
     0 | D:1      | DAS2 the Troll Fighter began the quest for the Orb.
     0 | D:1      | Reached XP level 1. HP: 22/22 MP: 0/0
   111 | D:1      | Reached XP level 2. HP: 29/29 MP: 1/1
   491 | D:1      | Reached XP level 3. HP: 35/36 MP: 2/2
  1180 | D:2      | Found a snail-covered altar of Cheibriados.
  1298 | D:2      | Reached skill level 3 in Dodging
  1298 | D:2      | Reached skill level 3 in Shields
  1298 | D:2      | Reached XP level 4. HP: 44/44 MP: 3/3
  1331 | D:2      | Reached skill level 3 in Fighting
  1763 | D:2      | Identified 2 potions of resistance
  1949 | D:3      | Reached skill level 3 in Unarmed Combat
  2010 | D:3      | Reached XP level 5. HP: 52/53 MP: 4/4
  2032 | D:3      | Found a hide-covered altar of Uskayaw.
  2082 | D:3      | Found an opulent altar of Gozag.
  2391 | D:4      | Noticed an ogre
  2545 | D:4      | Noticed Robin
  2570 | D:4      | Killed Robin
  2682 | D:4      | Found a staircase to the Ecumenical Temple.
  2779 | D:4      | Noticed an ogre
  2855 | D:3      | Killed an ogre
  2855 | D:3      | Reached XP level 6. HP: 42/61 MP: 5/5
  3125 | D:4      | Noticed Grinder
  3151 | D:4      | Killed Grinder
  3151 | D:4      | Reached skill level 4 in Fighting
  3151 | D:4      | Reached skill level 4 in Dodging
  3151 | D:4      | Reached skill level 4 in Shields
  3151 | D:4      | Reached skill level 4 in Unarmed Combat
  3151 | D:4      | Reached XP level 7. HP: 61/70 MP: 6/6
  3269 | D:4      | Found Lyaghoeffo's General Store.
  3288 | D:4      | Bought a scroll of blinking for 82 gold pieces
  3288 | D:4      | Bought a scroll of teleportation for 33 gold pieces
  3288 | D:4      | Bought a potion of might for 44 gold pieces
  3288 | D:4      | Bought a scroll of remove curse for 33 gold pieces
  3288 | D:4      | Bought 3 javelins for 26 gold pieces
  3405 | D:5      | Entered Level 5 of the Dungeon
  4137 | D:6      | Reached skill level 5 in Unarmed Combat
  4137 | D:6      | Reached XP level 8. HP: 74/79 MP: 7/7
  4232 | D:6      | Reached skill level 5 in Shields
  4486 | D:6      | Found a radiant altar of Vehumet.
  4487 | D:6      | Found a burning altar of Makhleb.
  4487 | D:6      | Noticed Prince Ribbit
  4554 | D:6      | Killed Prince Ribbit
  4554 | D:6      | Reached skill level 6 in Unarmed Combat
  4808 | D:6      | Noticed a moth of wrath
  4811 | D:6      | Found a bloodstained altar of Trog.
  4927 | D:7      | Reached skill level 5 in Dodging
  4958 | D:7      | Found a shadowy altar of Dithmenos.
  5073 | D:6      | Reached skill level 5 in Fighting
  5444 | D:7      | Reached XP level 9. HP: 88/88 MP: 8/8
  5454 | D:7      | Paralysed by a hornet for 3 turns
  5716 | D:7      | Reached skill level 6 in Shields
  6046 | D:7      | Found a white marble altar of Elyvilon.
  6253 | D:8      | Found a blossoming altar of Fedhas.
  6310 | D:8      | Reached skill level 7 in Unarmed Combat
  6503 | D:8      | Found a sparkling altar of Nemelex Xobeh.
  6659 | D:8      | Reached skill level 7 in Shields
  6659 | D:8      | Reached skill level 8 in Unarmed Combat
  6766 | D:8      | Noticed a three-headed hydra
  6847 | D:8      | Found a shimmering altar of Xom.
  6847 | D:8      | Found a shimmering altar of Xom.
  7028 | D:8      | Reached XP level 10. HP: 98/98 MP: 9/9
  7124 | D:8      | Found a shimmering altar of Xom.
  7124 | D:8      | Noticed an orb spider
  7179 | D:8      | Reached skill level 6 in Dodging
  7285 | D:8      | Reached skill level 6 in Fighting
  7700 | D:9      | Found a transporter.
  7967 | D:9      | Reached skill level 9 in Unarmed Combat
  8153 | D:9      | Reached skill level 8 in Shields
  8232 | D:9      | Found a glowing golden altar of the Shining One.
  8313 | D:9      | Found a transporter.
  8431 | D:9      | Found a hazy altar of Hepliaklqana.
  8569 | D:9      | Noticed a cyclops
  8575 | D:9      | Killed a cyclops
  8855 | D:10     | Entered Level 10 of the Dungeon
  8881 | D:10     | Noticed a two-headed ogre
  8904 | D:10     | Killed a two-headed ogre
  8904 | D:10     | Reached XP level 11. HP: 107/107 MP: 10/10
  9132 | D:10     | Reached skill level 10 in Unarmed Combat
  9174 | D:10     | Found a staircase to the Lair.
  9550 | D:10     | Reached skill level 7 in Fighting
  9550 | D:10     | Reached skill level 7 in Dodging
  9590 | D:10     | Reached skill level 9 in Shields
  9763 | D:10     | Noticed a brown ugly thing
  9777 | D:10     | Killed a brown ugly thing
  9954 | D:10     | Found Tidemoqi's Weapon Emporium.
 10121 | D:11     | Noticed Harold
 10143 | D:11     | Killed Harold
 10143 | D:11     | Reached skill level 1 in Throwing
 10400 | D:11     | Noticed Nergalle
 10408 | D:11     | Found Xaitt's Gadget Shoppe.
 10808 | D:11     | Found Vecar's Antique Armour Boutique.
 10861 | D:11     | Bought a glowing hat for 182 gold pieces
 10885 | D:11     | Noticed a two-headed ogre
 11353 | Lair:1   | Entered Level 1 of the Lair of Beasts
 11462 | Lair:1   | Reached skill level 2 in Throwing
 11472 | Lair:1   | Reached skill level 11 in Unarmed Combat
 11782 | Lair:1   | Noticed Sonja
 11784 | Lair:1   | Noticed Sonja
 11784 | Lair:1   | Sonja changed into Sonja the soldier ant
 11799 | Lair:1   | Killed Sonja the soldier ant
 12229 | Lair:1   | Reached XP level 12. HP: 103/117 MP: 11/11
 12551 | Lair:2   | Reached skill level 3 in Throwing
 12797 | Lair:3   | Reached skill level 10 in Shields
 12847 | Lair:3   | Found a labyrinth entrance.
 12850 | Lair:3   | Found a staircase to the Shoals.
 12857 | Lair:3   | Noticed a six-headed hydra
 12869 | Lab      | Entered a labyrinth
 13229 | Lab      | Noticed a minotaur
 13263 | Lab      | Killed a minotaur
 13263 | Lab      | Reached skill level 1 in Armour
 13268 | Lab      | Got a bound lapis lazuli ring
 13276 | Lab      | Identified the Papyrus of Summoning and Transmutation
 13333 | Lab      | Identified the ring of Upu Cydae {rN+ Int+3} (You took it
                  | off a minotaur in a labyrinth)
 13725 | Lair:2   | Reached skill level 8 in Fighting
 13932 | Lair:2   | Killed a six-headed hydra
 14284 | Lair:3   | Found a staircase to the Snake Pit.
 14317 | Lair:3   | Reached skill level 2 in Armour
 14385 | Lair:4   | Noticed a seven-headed hydra
 14696 | Lair:4   | Reached skill level 4 in Throwing
 15234 | Lair:5   | Found a runed door.
 15241 | Lair:5   | Reached skill level 3 in Armour
 15271 | Lair:5   | Found a shimmering altar of Xom.
 15271 | Lair:5   | Noticed frimble's ghost (journeyman OpAs)
 15295 | Lair:5   | Noticed a death yak
 15320 | Lair:5   | Killed a death yak
 15358 | Lair:5   | Reached skill level 12 in Unarmed Combat
 15591 | Lair:5   | Noticed a death yak
 15604 | Lair:5   | Noticed a death yak
 15607 | Lair:5   | Noticed a death yak
 15609 | Lair:5   | Killed a death yak
 15609 | Lair:5   | Reached XP level 13. HP: 126/128 MP: 12/12
 15767 | Lair:5   | Reached skill level 5 in Throwing
 15828 | Lair:5   | Reached skill level 4 in Armour
 16228 | Lair:5   | Reached skill level 9 in Fighting
 16340 | Lair:6   | Entered Level 6 of the Lair of Beasts
 16834 | Lair:6   | Reached skill level 6 in Throwing
 16888 | Lair:6   | Reached skill level 5 in Armour
 17592 | Lair:6   | Found a viscous altar of Jiyva.
 17593 | Lair:6   | Found a staircase to the Slime Pits.
 18157 | Lair:6   | Reached skill level 13 in Unarmed Combat
 18336 | Lair:6   | Found a large runed door.
 18398 | Lair:6   | Reached skill level 7 in Throwing
 18531 | Lair:6   | Reached XP level 14. HP: 141/141 MP: 13/13
 18635 | Lair:6   | Found a large runed door.
 19561 | D:11     | Killed Nergalle
 19578 | D:11     | Found Intena's Magic Scroll Boutique.
 19582 | D:11     | Bought a scroll of blinking for 97 gold pieces
 19582 | D:11     | Bought a scroll of identify for 26 gold pieces
 19582 | D:11     | Bought a scroll of blinking for 97 gold pieces
 19582 | D:11     | Bought a scroll of identify for 26 gold pieces
 19582 | D:11     | Identified 2 potions of experience
 19753 | D:12     | Reached skill level 11 in Shields
 19833 | D:12     | Found a staircase to the Orcish Mines.
 19844 | D:12     | Reached skill level 10 in Fighting
 19982 | D:12     | Noticed Gastronok
 20004 | D:12     | Killed Gastronok
 20347 | D:12     | Found a sparkling altar of Nemelex Xobeh.
 20569 | D:12     | Noticed Snorg
 20609 | D:12     | Killed Snorg
 20943 | D:13     | Reached skill level 8 in Throwing
 21253 | D:13     | Noticed Erolcha
 21307 | D:13     | Found Ypuon's Antique Weapon Shop.
 21450 | D:13     | Reached skill level 12 in Shields
 21450 | D:13     | Reached XP level 15. HP: 152/152 MP: 14/14
 21451 | D:13     | Reached skill level 13 in Shields
 21451 | D:13     | Reached XP level 16. HP: 159/159 MP: 15/15
 21993 | D:13     | Found a gate to the Vaults.
 22116 | D:13     | Killed Erolcha
 22194 | D:13     | Reached skill level 14 in Unarmed Combat
 23109 | D:15     | Entered Level 15 of the Dungeon
 23109 | D:15     | Found a corrupted altar of Lugonu.
 23134 | D:14     | Reached skill level 9 in Throwing
 23312 | D:14     | Reached skill level 11 in Fighting
 23504 | D:15     | Found Zutoph's Weapon Boutique.
 23687 | D:15     | Reached XP level 17. HP: 170/170 MP: 16/16
 23800 | D:15     | Found a glowing silver altar of Zin.
 24014 | D:15     | Found a snail-covered altar of Cheibriados.
 24426 | D:15     | Found a staircase to the Depths.
 24521 | Orc:1    | Entered Level 1 of the Orcish Mines
 24977 | Orc:2    | Entered Level 2 of the Orcish Mines
 24977 | Orc:2    | Found Qohinen's Antique Armour Emporium.
 24986 | Orc:1    | Reached skill level 10 in Throwing
 25113 | Orc:2    | Found Ciniet's Jewellery Boutique.
 25222 | Orc:2    | Found a staircase to the Elven Halls.
 25227 | Orc:2    | Bought an uncursed ring of poison resistance for 300 gold
                  | pieces
 25227 | Orc:2    | Bought an uncursed ring of protection from fire for 375
                  | gold pieces
 25368 | Orc:2    | Noticed Josephine
 25390 | Orc:2    | Killed Josephine
 25706 | Orc:2    | Reached skill level 15 in Unarmed Combat
 25780 | Orc:2    | Found Fyeryfan's Antique Weapon Emporium.
 25844 | Orc:2    | Found Coanompeno's General Store.
 26154 | Orc:2    | Bought an embroidered cloak for 240 gold pieces
 26167 | Orc:2    | Bought a shadowed robe for 182 gold pieces
 26178 | Orc:2    | Identified the cursed +1 robe of Gravitas {Str+4 Int+4
                  | Dex-4 Stlth+} (You bought it in a shop on level 2 of the
                  | Orcish Mines)
 26304 | Orc:1    | Reached skill level 12 in Fighting
 26494 | Orc:1    | Found a roughly hewn altar of Beogh.
 26661 | Orc:2    | Bought a fine troll leather armour for 640 gold pieces
 26677 | Orc:2    | Identified the +0 troll leather armour "Vioro" {rF+ rC+
                  | Regen+ Int+3} (You bought it in a shop on level 2 of the
                  | Orcish Mines)
 26792 | Snake:1  | Entered Level 1 of the Snake Pit
 27113 | Snake:1  | Reached skill level 8 in Dodging
 28256 | Snake:2  | Reached skill level 11 in Throwing
 29408 | Snake:3  | Reached XP level 18. HP: 178/183 MP: 17/17
 29948 | Snake:3  | Reached skill level 9 in Dodging
 30286 | Snake:3  | Identified a scroll of acquirement
 30657 | Snake:4  | Entered Level 4 of the Snake Pit
 31066 | Snake:4  | Reached skill level 16 in Unarmed Combat
 31287 | Snake:4  | Found Ecixt's Gadget Emporium.
 31313 | Snake:4  | Found Huowelyn's Jewellery Emporium.
 31522 | Snake:4  | Reached skill level 13 in Fighting
 31739 | Snake:4  | Reached skill level 12 in Throwing
 32751 | Snake:4  | Noticed Louise
 32770 | Snake:4  | Killed Louise
 33002 | Snake:4  | Noticed Vashnia
 33226 | Snake:4  | Killed Vashnia
 33508 | Snake:4  | Reached XP level 19. HP: 181/195 MP: 18/18
 34302 | Snake:4  | Got a serpentine rune of Zot
 34452 | Snake:3  | Got a steaming robe
 34463 | Snake:3  | Identified the cursed +1 robe "Ucunwu" {rElec} (You took it
                  | off a naga mage on level 3 of the Snake Pit)
 34714 | Vaults:1 | Entered Level 1 of the Vaults
 35425 | Snake:4  | Bought an uncursed ring of protection from magic for 350
                  | gold pieces
 35694 | D:13     | Reached skill level 17 in Unarmed Combat
 35698 | Vaults:1 | Reached skill level 13 in Throwing
 35713 | Vaults:1 | Reached skill level 14 in Shields
 36535 | Vaults:1 | Found a portal to a secret trove of treasure.
 36817 | Vaults:1 | Reached skill level 14 in Fighting
 37250 | Vaults:2 | Identified the ring "Did Fea" {Wiz +Fly Int+2 Stlth-} (You
                  | found it on level 2 of the Vaults)
 38161 | Vaults:2 | Reached XP level 20. HP: 141/206 MP: 19/19
 38473 | Vaults:2 | Reached skill level 6 in Armour
 39649 | Vaults:3 | Reached skill level 14 in Throwing
 39832 | Vaults:3 | Learned a level 3 spell: Portal Projectile
 39882 | Vaults:3 | Reached skill level 1 in Translocations
 39948 | Vaults:3 | Reached skill level 1 in Hexes
 40030 | Vaults:3 | Reached skill level 2 in Translocations
 40160 | Vaults:3 | You fall through a shaft!
 40184 | Vaults:4 | Reached skill level 2 in Hexes
 40291 | Vaults:4 | Reached skill level 3 in Translocations
 40631 | Vaults:3 | Reached skill level 3 in Hexes
 41080 | Vaults:3 | Reached skill level 4 in Translocations
 41105 | Vaults:3 | Reached skill level 4 in Hexes
 41709 | Vaults:3 | Reached skill level 5 in Translocations
 41948 | Vaults:3 | Reached skill level 5 in Hexes
 42407 | Vaults:3 | Reached XP level 21. HP: 177/212 MP: 20/20
 42431 | Vaults:3 | Reached skill level 6 in Translocations
 42968 | Vaults:3 | Learned a level 2 spell: Blink
 43169 | Vaults:3 | Reached skill level 6 in Hexes
 43175 | Vaults:3 | Found a staircase to the Crypt.
 44544 | Vaults:4 | Reached skill level 7 in Armour
 44825 | Vaults:4 | Reached skill level 7 in Translocations
 45047 | Vaults:4 | Found Cubiupt's General Store.
 45049 | Vaults:4 | Found Fyroimom's Antique Weapon Emporium.
 45066 | Vaults:4 | Bought a potion of might for 52 gold pieces
 45085 | Vaults:4 | Found Edgheb's Distillery.
 45876 | Depths:1 | Entered Level 1 of the Depths
 46150 | Depths:1 | Reached skill level 15 in Fighting
 46446 | Depths:1 | Reached skill level 8 in Armour
 46964 | Depths:1 | Found a gateway to Hell.
 47278 | Depths:1 | Reached skill level 8 in Translocations
 47461 | Depths:1 | Reached XP level 22. HP: 183/227 MP: 21/21
 48081 | Depths:1 | Found a one-way gate leading to the halls of Pandemonium.
 48472 | Depths:2 | Reached skill level 15 in Throwing
 48573 | Depths:2 | Noticed Nikola
 48648 | Depths:1 | Reached skill level 9 in Armour
 48798 | Depths:2 | Killed Nikola
 49110 | Hell     | Entered the Vestibule of Hell
 49110 | Hell     | Noticed Geryon
 50111 | Depths:2 | Reached skill level 1 in Spellcasting
 50859 | Depths:3 | Found a sparkling altar of Nemelex Xobeh.
 50873 | Depths:3 | Found a gateway to a ziggurat.
 51101 | Depths:3 | Found Zodoapt's Jewellery Emporium.
 51101 | Depths:3 | Found Dobuob's Gadget Shop.
 51102 | Depths:3 | Found Leapnon's Jewellery Emporium.
 51159 | Depths:3 | Reached skill level 2 in Spellcasting
 51172 | Depths:3 | Reached skill level 18 in Unarmed Combat
 51355 | Depths:3 | Noticed a caustic shrike
 52902 | Depths:4 | Reached skill level 16 in Fighting
 53115 | Depths:4 | Reached skill level 3 in Spellcasting
 53271 | Depths:4 | Reached XP level 23. HP: 190/239 MP: 15/26
 54646 | Depths:3 | Reached skill level 16 in Throwing
 54897 | Depths:4 | Found a blossoming altar of Fedhas.
 55054 | Depths:4 | Reached skill level 10 in Armour
 55229 | Depths:4 | Found a burning altar of Makhleb.
 55251 | Depths:4 | Found a one-way gate to the infinite horrors of the Abyss.
 55792 | Depths:4 | Found a hide-covered altar of Uskayaw.
 56064 | Depths:4 | Found a shadowy altar of Dithmenos.
 56738 | Depths:4 | Identified the +2 shield "Offa" {-Cast +Inv rPois rCorr}
                  | (You took it off a tengu warrior on level 4 of the Depths)
 56997 | Shoals:1 | Entered Level 1 of the Shoals
 57043 | Shoals:1 | Found a flickering gateway to a bazaar.
 57059 | Bazaar   | Entered a bazaar
 57063 | Bazaar   | Found Ditefis's Jewellery Boutique.
 57082 | Bazaar   | Found Koawuunn's Antique Armour Shoppe.
 57099 | Bazaar   | Found Afrusk's Book Boutique.
 57116 | Bazaar   | Found Ylit's Antique Weapon Emporium.
 57139 | Bazaar   | Bought the cursed necklace of Bloodlust {*Rage +Rage MR++
                  | Int-3 Slay+6 *Curse} for 1038 gold pieces
 57139 | Bazaar   | Found the cursed necklace of Bloodlust {*Rage +Rage MR++
                  | Int-3 Slay+6 *Curse}
 58995 | Shoals:3 | Reached skill level 19 in Unarmed Combat
 59815 | Shoals:4 | Entered Level 4 of the Shoals
 60120 | Shoals:4 | Noticed Roxanne
 60128 | Shoals:4 | Killed Roxanne
 60290 | Shoals:4 | Reached skill level 11 in Armour
 60443 | Shoals:4 | Found the +0 mask of the Dragon {MR+ Slay+3 SInv}
 60473 | Shoals:4 | Reached XP level 24. HP: 250/250 MP: 27/27
 60667 | Shoals:4 | Identified the Incunabulum of Burning Weightlessness
 60858 | Shoals:4 | Identified the Handbook of the Nocuous Snowflakes
 61129 | Shoals:4 | Got a barnacled rune of Zot
 61307 | Elf:1    | Entered Level 1 of the Elven Halls
 61661 | Elf:1    | Reached skill level 17 in Fighting
 61807 | Elf:1    | Reached skill level 17 in Throwing
 62277 | Elf:1    | Found a huge runed gate.
 62277 | Elf:1    | Found a huge runed gate.
 62277 | Elf:1    | Found a huge runed gate.
 62277 | Elf:1    | Found a huge runed gate.
 62284 | Elf:1    | Found a huge runed gate.
 62284 | Elf:1    | Found a huge runed gate.
 62284 | Elf:1    | Found a huge runed gate.
 62285 | Elf:1    | Found a huge runed gate.
 62285 | Elf:1    | Found a huge runed gate.
 62285 | Elf:1    | Found a huge runed gate.
 62286 | Elf:1    | Found a huge runed gate.
 62288 | Elf:1    | Found a huge runed gate.
 62332 | Elf:1    | Found a roughly hewn altar of Beogh.
 62510 | Elf:1    | Found a huge runed gate.
 62510 | Elf:1    | Found a huge runed gate.
 62510 | Elf:1    | Found a huge runed gate.
 62510 | Elf:1    | Found a huge runed gate.
 62510 | Elf:1    | Found a huge runed gate.
 62510 | Elf:1    | Found a huge runed gate.
 62511 | Elf:1    | Found a huge runed gate.
 62512 | Elf:1    | Found a huge runed gate.
 62513 | Elf:1    | Found a huge runed gate.
 62533 | Elf:1    | Found a huge runed gate.
 62535 | Elf:1    | Found a huge runed gate.
 62536 | Elf:1    | Found a huge runed gate.
 62538 | Elf:1    | Found a huge runed gate.
 63378 | Elf:2    | Found a radiant altar of Vehumet.
 63455 | Elf:2    | Found a huge runed gate.
 63455 | Elf:2    | Found a huge runed gate.
 63455 | Elf:2    | Found a huge runed gate.
 63880 | Elf:2    | Found Xytyxul's Assorted Antiques.
 63885 | Elf:2    | Bought a potion of heal wounds for 140 gold pieces
 64035 | Elf:3    | Entered Level 3 of the Elven Halls
 64035 | Elf:3    | Found Dielidd's Armour Emporium.
 64041 | Elf:3    | Bought a scarf of resistance for 416 gold pieces
 64070 | Elf:3    | Found Kamar's Weapon Boutique.
 64262 | Elf:3    | Found Daonlat's Antique Weapon Shop.
 64281 | Elf:3    | Found a magical portal.
 64289 | WizLab   | Entered Lehudib's Moon Base
 64551 | WizLab   | Reached skill level 12 in Armour
 65471 | WizLab   | Lost intelligence.
 65955 | WizLab   | Found a transporter.
 66185 | WizLab   | Reached skill level 20 in Unarmed Combat
 66201 | WizLab   | Found a transporter.
 66246 | WizLab   | Identified Lehudib's Disquisition on Mutagenic Stones
 66319 | Elf:3    | Found Qockomat's Gadget Shop.
 66683 | Elf:3    | Reached XP level 25. HP: 262/262 MP: 27/27
 66755 | Elf:3    | Found Cuabadgh's Assorted Antiques.
 67110 | Elf:3    | Reached skill level 18 in Throwing
 67862 | Elf:3    | Reached skill level 18 in Fighting
 67862 | Elf:3    | Reached skill level 13 in Armour
 68045 | Elf:3    | Identified the +0 hat of Mental Paralysis {-Cast rElec
                  | Regen+ Int+4} (You acquired it on level 3 of the Elven
                  | Halls)
 68119 | Elf:3    | Identified the ring of the Hidden Cities {rPois MR+ Int+2
                  | Stlth+} (You found it on level 3 of the Elven Halls)
 68124 | Elf:3    | Identified the Disquisition on Creation and Arcane Weapons
 68209 | Elf:3    | Identified the Guide on Floating Sinister Magic
 68602 | Depths:5 | Entered Level 5 of the Depths
 70956 | Depths:5 | Found a gate to the Realm of Zot.
 71659 | D:4      | Bought a scroll of acquirement for 572 gold pieces
 72031 | Slime:1  | Entered Level 1 of the Pits of Slime
 73950 | Slime:4  | Reached skill level 14 in Armour
 74301 | Slime:5  | Entered Level 5 of the Pits of Slime
 74328 | Slime:5  | Reached skill level 19 in Throwing
 74328 | Slime:5  | Reached XP level 26. HP: 276/276 MP: 27/27
 74813 | Slime:5  | Found a viscous altar of Jiyva.
 74814 | Slime:5  | Noticed the Royal Jelly
 77031 | Slime:5  | Killed the Royal Jelly
 77031 | Slime:5  | Reached skill level 19 in Fighting
 77641 | Slime:5  | Got a fine zirconium amulet
 77959 | Slime:5  | Got a slimy rune of Zot
 77964 | Slime:5  | Identified the ring of Yjatukk {rC+ MR++ Int+5} (You found
                  | it on level 5 of the Pits of Slime)
 78124 | Slime:5  | Identified the amulet "Zacapoush" {Spirit Str+3} (You found
                  | it on level 5 of the Pits of Slime)
 78553 | Vaults:1 | You paid a toll of a +7 demon trident to enter a treasure
                  | trove
 78554 | Trove    | Entered a treasure trove
 78868 | Zot:1    | Entered Level 1 of the Realm of Zot
 79561 | Zot:1    | Reached skill level 15 in Armour
 79759 | Zot:1    | Noticed an electric golem
 80104 | Zot:1    | Killed an electric golem
 81448 | Zot:4    | Noticed a curse toe
 81450 | Zot:4    | Killed a curse toe
 81450 | Zot:4    | Reached skill level 20 in Throwing
 81697 | Zot:3    | Reached XP level 27. HP: 286/286 MP: 27/27
 81888 | Zot:3    | Found a huge runed gate.
 81888 | Zot:3    | Found a huge runed gate.
 81888 | Zot:3    | Found a huge runed gate.
 81888 | Zot:3    | Found a huge runed gate.
 81888 | Zot:3    | Found a huge runed gate.
 82016 | Zot:3    | Found a huge runed gate.
 82016 | Zot:3    | Found a huge runed gate.
 82016 | Zot:3    | Found a huge runed gate.
 82016 | Zot:3    | Found a huge runed gate.
 82016 | Zot:3    | Found a huge runed gate.
 82016 | Zot:3    | Found a huge runed gate.
 82016 | Zot:3    | Found a huge runed gate.
 82017 | Zot:3    | Found a huge runed gate.
 82018 | Zot:3    | Found a huge runed gate.
 82022 | Zot:3    | Found a huge runed gate.
 82022 | Zot:3    | Found a huge runed gate.
 82023 | Zot:3    | Found a huge runed gate.
 82024 | Zot:3    | Found a huge runed gate.
 82216 | Zot:3    | Found a huge runed gate.
 82216 | Zot:3    | Found a huge runed gate.
 82216 | Zot:3    | Found a huge runed gate.
 82218 | Zot:3    | Found a huge runed gate.
 82223 | Zot:3    | Found a huge runed gate.
 82227 | Zot:3    | Found a huge runed gate.
 82228 | Zot:3    | Found a huge runed gate.
 82229 | Zot:3    | Found a huge runed gate.
 82229 | Zot:3    | Found a huge runed gate.
 82232 | Zot:3    | Found a huge runed gate.
 82234 | Zot:3    | Found a huge runed gate.
 82234 | Zot:3    | Found a huge runed gate.
 82234 | Zot:3    | Found a huge runed gate.
 82234 | Zot:3    | Found a huge runed gate.
 82234 | Zot:3    | Found a huge runed gate.
 82234 | Zot:3    | Found a huge runed gate.
 82234 | Zot:3    | Found a huge runed gate.
 83142 | Zot:4    | Reached skill level 20 in Fighting
 83156 | Zot:4    | Reached skill level 16 in Armour
 83159 | Zot:4    | Noticed a curse toe
 83164 | Zot:4    | Killed a curse toe
 84168 | Zot:5    | Entered Level 5 of the Realm of Zot
 84447 | Zot:5    | Noticed a curse toe
 84452 | Zot:5    | Killed a curse toe
 84705 | Zot:5    | Noticed an electric golem
 84710 | Zot:5    | Killed an electric golem
 84922 | Zot:5    | Noticed an ancient lich
 84935 | Zot:5    | Killed an ancient lich
 85133 | Zot:5    | Reached skill level 21 in Throwing
 85241 | Zot:5    | Noticed an ancient lich
 85274 | Zot:5    | Killed an ancient lich
 85989 | Zot:5    | Noticed an orb of fire
 86007 | Zot:5    | Killed an orb of fire
 86241 | Zot:5    | Noticed an ancient lich
 86455 | Zot:5    | Killed an ancient lich
 86455 | Zot:5    | Reached skill level 17 in Armour
 86882 | Zot:5    | Noticed an electric golem
 86884 | Zot:5    | Killed an electric golem
 87222 | Zot:5    | Noticed an ancient lich
 87224 | Zot:5    | Killed an ancient lich
 87592 | Zot:5    | Learned a level 1 spell: Apportation
 87790 | Zot:5    | Noticed an orb of fire
 87799 | Zot:5    | Killed an orb of fire
 87799 | Zot:5    | Reached skill level 21 in Fighting
 88300 | Zot:5    | Noticed an orb of fire
 88309 | Zot:5    | Killed an orb of fire
 88504 | Zot:5    | Got the Orb of Zot
 88623 | Zot:2    | Reached skill level 22 in Throwing
 88907 | Zot:1    | Noticed Qyugoiguiz the pandemonium lord
 88913 | Zot:1    | Killed Qyugoiguiz the pandemonium lord
 88913 | Zot:1    | Reached skill level 18 in Armour
 88991 | Depths:5 | Noticed Tewk the pandemonium lord
 89000 | Depths:5 | Killed Tewk the pandemonium lord
 89052 | Depths:5 | Noticed Zeisoely the pandemonium lord
 89193 | Depths:1 | Noticed Zanlesus the pandemonium lord
 89709 | D:$      | Escaped with the Orb!

Vanquished Creatures
  the Royal Jelly (Slime:5)
  2 pandemonium lords
  3 orbs of fire (Zot:5)
  4 ancient liches (Zot:5)
  Vashnia (Snake:4)
  3 curse toes
  6 Killer Klowns
  7 golden dragons
  Nikola (Depths:2)
  2 liches
  3 electric golems
  27 Orb Guardians
  A Brimstone Fiend (D:2)
  A Hell Sentinel (Zot:5)
  18 tentacled monstrosities
  4 deep elf master archers
  2 Ice Fiends
  A moon troll (WizLab)
  10 quicksilver dragons
  5 deep elf blademasters
  8 death cobs
  2 titans
  32 acid blobs
  5 tentacled starspawn (WizLab)
  13 storm dragons
  A tengu reaver (Depths:1)
  Gastronok (D:12)
  Roxanne (Shoals:4)
  9 shadow dragons
  5 sphinxes
  3 draconian monks
  7 nagarajas (Snake:4)
  5 fire giants
  4 draconian knights
  15 azure jellies
  A corrupter (Depths:1)
  9 vault wardens
  3 draconian stormcallers
  2 iron dragons (Depths:4)
  2 orc warlords
  A cacodemon (WizLab)
  2 balrugs
  7 draconian scorchers
  Louise (Snake:4)
  3 ghost moths
  13 deep elf sorcerers
  2 deep elf elementalists
  12 frost giants
  A spriggan defender (Depths:3)
  5 draconian annihilators
  14 ironheart preservers
  A warmonger (Depths:1)
  8 draconian shifters
  24 very ugly things
  A war gargoyle (Vaults:3)
  24 stone giants
  2 entropy weavers (Vaults:3)
  6 deep elf demonologists
  4 green draconians
  11 purple draconians
  A minotaur (Lab)
  9 deep elf annihilators
  A vampire knight (Depths:3)
  A lorocyproca (Depths:5)
  13 black draconians
  11 red draconians
  5 white draconians
  8 spark wasps
  21 yellow draconians
  A blizzard demon (Depths:4)
  Snorg (D:12)
  3 merfolk javelineers (Shoals:4)
  9 deep elf death magi
  10 ettins
  2 jiangshi (Depths:1)
  4 yaktaur captains
  15 great orbs of eyes
  Josephine (Orc:2)
  15 death oozes
  Erolcha (D:13)
  Harold (D:11)
  8 merfolk impalers
  9 deep elf high priests
  13 naga warriors
  A rakshasa (Depths:2)
  14 ogre magi
  2 ice dragons
  10 fire dragons
  A hell beast (D:15)
  A monstrous demonspawn (Depths:1)
  8 vault guards
  13 hydras
  14 anacondas
  A merfolk avatar (Shoals:1)
  3 spriggan air magi
  14 centaur warriors
  20 tengu warriors
  3 alligator snapping turtles
  A death yak (shapeshifter) (Depths:3)
  14 dancing weapons
  3 death knights
  9 deep troll earth magi
  46 two-headed ogres
  3 deep troll shamans
  9 merfolk aquamancers
  2 vampire magi
  8 death yaks
  4 orc high priests
  12 deep elf knights
  10 naga sharpshooters
  6 shock serpents
  8 spriggan berserkers
  6 sun demons
  Nergalle (D:11)
  A wretched star (WizLab)
  2 fire crabs (shapeshifter)
  7 hell knights
  6 salamander mystics
  4 iron trolls
  2 sixfirhies
  16 skeletal warriors
  3 soul eaters (Depths:4)
  19 sea snakes
  A quicksilver dragon simulacrum (Depths:4)
  A storm dragon skeleton (Vaults:3)
  2 gelid demonspawn (D:14)
  3 shadow wraiths
  10 glowing orange brains
  2 death drakes (shapeshifter)
  A kraken simulacrum (Shoals:4)
  42 deep trolls
  An orange crystal statue (WizLab)
  4 flayed ghosts
  13 naga ritualists
  An infernal demonspawn (Depths:1)
  11 ironbrand convokers
  An unseen horror (D:13)
  A wizard (D:15)
  23 deep elf archers
  A golden dragon skeleton (Vaults:4)
  A harpy (shapeshifter) (D:15)
  A lindwurm (Lair:6)
  A wolf spider zombie (D:13)
  21 harpies
  A phantasmal warrior (D:14)
  An iron dragon zombie (Depths:2)
  11 orc knights
  60 deep elf magi
  A human zombie (Vaults:4)
  A shadow dragon skeleton (Vaults:3)
  An orb spider (shapeshifter) (D:13)
  7 necromancers
  An oklob plant (Snake:3)
  3 wolf spiders
  A tengu skeleton (Vaults:3)
  4 shining eyes
  15 mana vipers
  60 ugly things
  8 orc sorcerers
  12 cyclopes
  3 fire giant skeletons (Vaults:3)
  22 salamanders
  13 fauns
  17 manticores
  A moth of wrath (shapeshifter) (Vaults:3)
  A faun (shapeshifter) (Vaults:4)
  10 merfolk sirens
  20 moths of wrath
  An ice statue (Depths:4)
  11 eyes of devastation
  4 elephants
  39 black mambas
  5 guardian serpents
  21 naga magi
  5 water nymphs
  2 molten gargoyles (Lair:6)
  16 vault sentinels
  8 rust devils (Depths:4)
  3 gargoyles
  11 spiny frogs
  2 efreet (Depths:4)
  31 yaktaurs
  9 komodo dragons
  3 kobold demonologists
  A torpor snail (Lair:5)
  A rime drake (shapeshifter) (Vaults:2)
  7 ice devils
  7 freezing wraiths
  2 rime drakes
  2 yaktaur skeletons (Vaults:3)
  5 red devils
  6 human skeletons
  2 tengu conjurers
  A polar bear (Lair:6)
  18 merfolk
  A queen bee (shapeshifter) (Vaults:4)
  14 trolls
  6 hornets
  7 wind drakes
  Prince Ribbit (D:6)
  2 polar bears (shapeshifter)
  A blink frog (shapeshifter) (Depths:2)
  17 blink frogs
  Grinder (D:4)
  133 slime creatures
  3 snapping turtles
  2 hippogriffs (shapeshifter)
  2 dream sheep (D:8)
  5 redbacks
  12 hippogriffs
  2 meliai zombies (D:15)
  A flying skull (Depths:4)
  5 spriggans
  3 shadows
  12 wraiths
  A spriggan skeleton (Depths:2)
  An air elemental (Elf:1)
  An ettin skeleton (Depths:2)
  21 water elementals
  8 wyverns
  12 basilisks
  A wyvern (shapeshifter) (D:15)
  74 yaks
  3 steam dragons
  2 hungry ghosts
  11 golden eyes
  A golden eye (shapeshifter) (D:15)
  6 vampire mosquitoes
  4 chaos spawn
  74 nagas
  4 wargs (Orc:1)
  4 neqoxecs
  A soldier ant (shapeshifter) (Vaults:2)
  An acid dragon (D:14)
  A soldier ant (Lair:1)
  11 water moccasins
  7 hell hounds
  8 porcupines
  An ice beast (shapeshifter) (Depths:5)
  2 black bears
  58 orc warriors
  7 eyes of draining
  5 ice beasts
  37 ogres
  A spriggan simulacrum (Depths:2)
  2 phantoms
  6 sky beasts
  A necrophage (D:10)
  A tengu (D:9)
  12 wolves
  6 boggarts
  24 centaurs
  16 crocodiles
  2 elf skeletons (Vaults:3)
  7 big kobolds
  13 bullfrogs
  A yaktaur zombie (Vaults:1)
  2 earth elementals
  A water moccasin skeleton (D:7)
  A scorpion (D:10)
  10 killer bees
  8 wights
  5 howler monkeys
  An electric eel (Lair:1)
  4 centaur zombies
  5 lava snakes (Lair:6)
  6 crimson imps
  12 starcursed masses (WizLab)
  2 quasits
  9 centaur skeletons
  3 bullfrog skeletons
  5 jellies
  20 orc priests
  9 hounds
  An iron imp (Depths:1)
  4 iguanas
  18 orc wizards
  7 worker ants
  2 hound zombies (D:7)
  Robin (D:4)
  4 gnolls
  14 adders
  A river rat (Orc:1)
  5 shadow imps
  An ufetubus (Zot:2)
  An ooze (D:2)
  An adder skeleton (D:10)
  5 worms
  A dart slug (D:1)
  3 leopard geckos
  105 orcs
  5 giant cockroaches
  18 goblins
  7 hobgoblins
  9 jackals
  A quokka (D:11)
  4 ball pythons
  9 bats
  3 frilled lizards
  18 kobolds
  A quokka skeleton (D:4)
  7 rats
  A fungus (Orc:2)
  A plant (Shoals:4)
  7 starspawn tentacles (WizLab)
  A tentacle (Shoals:4)
2539 creatures vanquished.

Vanquished Creatures (collateral kills)
  A spriggan air mage (Depths:5)
1 creature vanquished.

Vanquished Creatures (others)
  A nagaraja (Snake:3)
  A draconian knight (Zot:1)
  4 stone giants
  A deep elf high priest (Depths:4)
  A yaktaur captain (Depths:3)
  3 centaur warriors
  A tengu warrior (Depths:4)
  A quicksilver dragon simulacrum (Depths:4)
  An orc knight (Orc:2)
  3 cyclopes (Depths:2)
  A deep elf mage (Orc:1)
  A moth of wrath (Zot:5)
  6 yaktaurs
  A naga (Snake:3)
  2 boggarts (D:15)
  3 ettin simulacra (Depths:4)
  3 centaurs
  A crawling corpse (Elf:3)
  A demonic plant (WizLab)
  19 fungi
  13 plants
  4 starspawn tentacles (WizLab)
  7 tentacles (Shoals:4)
79 creatures vanquished.

Grand Total: 2619 creatures vanquished

Table legend:
 A = Turns spent in this place as a percentage of turns spent in the entire game.
 B = Non-inter-level travel turns spent in this place as a percentage of non-inter-level travel turns spent in the entire game.
 C = Inter-level travel turns spent in this place as a percentage of turns spent in this place.
 D = Turns resting spent in this place as a percentage of non-inter-level travel turns spent in this place.
 E = Turns spent auto-exploring this place as a percentage of non-inter-level travel turns spent in this place.
 F = Non-inter-level travel turns spent in this place divided by the number of levels of this place that you've seen.
                   A       B       C       D       E      F
               +-------+-------+-------+-------+-------+----------------------
         Total | 100.0 | 100.0 |   7.7 |  32.3 |  31.5 | 1428.3
       Dungeon |  21.4 |  20.1 |  13.1 |  18.5 |  43.8 | 1110.9
          Lair |   9.5 |   8.8 |  14.4 |  25.8 |  43.9 | 1219.8
        Shoals |   4.1 |   4.3 |   2.9 |  27.1 |  47.4 | 891.2
     Snake Pit |   9.0 |   9.0 |   8.1 |  31.3 |  25.1 | 1857.8
    Slime Pits |   6.4 |   6.7 |   2.9 |  45.2 |  30.3 | 1114.2
  Orcish Mines |   2.2 |   2.2 |   8.1 |  19.8 |  37.8 | 915.5
   Elven Halls |   5.6 |   5.8 |   3.2 |  42.4 |  28.7 | 1608.7
        Vaults |  12.3 |  12.2 |   8.2 |  27.0 |  30.7 | 2529.8
        Depths |  15.5 |  15.9 |   5.3 |  38.4 |  24.2 | 2631.2
          Hell |   0.0 |   0.0 |   0.0 |   0.0 |   0.0 |   2.0
           Zot |  11.1 |  11.8 |   2.2 |  50.6 |  15.6 | 1949.0
     Labyrinth |   0.5 |   0.6 |   0.0 |   6.3 |   0.0 | 475.0
        Bazaar |   0.1 |   0.1 |   0.0 |   0.0 |  49.1 | 106.0
         Trove |   0.0 |   0.0 |   0.0 |   0.0 |   0.0 |  31.0
        Wizlab |   2.2 |   2.4 |   0.0 |  41.6 |  21.9 | 1999.0
               +-------+-------+-------+-------+-------+----------------------

Table legend:
 A = Non-vault XP
 B = Vault XP
 C = Vault XP percentage of total XP
 D = Non-vault monster count
 E = Vault monster count
 F = Vault count percentage of total count
                 A         B        C        D         E       F
            +---------+---------+-------+---------+---------+-------
      Total |  950440 |  773625 |  44.9 |    1680 |     816 |  32.7
            +---------+---------+-------+---------+---------+-------
        D:1 |      50 |       3 |   5.7 |      22 |       1 |   4.3
        D:2 |      99 |       0 |   0.0 |      20 |       0 |   0.0
        D:3 |     266 |       0 |   0.0 |      20 |       0 |   0.0
        D:4 |     234 |     298 |  56.0 |      11 |      13 |  54.2
        D:5 |     381 |       0 |   0.0 |      11 |       0 |   0.0
        D:6 |     876 |     340 |  28.0 |      15 |       7 |  31.8
        D:7 |     638 |       0 |   0.0 |      16 |       0 |   0.0
        D:8 |    2959 |    1100 |  27.1 |      44 |       6 |  12.0
        D:9 |    3170 |     538 |  14.5 |      37 |       2 |   5.1
       D:10 |    3627 |    1917 |  34.6 |      32 |      12 |  27.3
       D:11 |    2485 |    1843 |  42.6 |      24 |       2 |   7.7
       D:12 |   10071 |    3523 |  25.9 |      57 |       3 |   5.0
       D:13 |   12622 |   10763 |  46.0 |      49 |      17 |  25.8
       D:14 |    7876 |     448 |   5.4 |      24 |       1 |   4.0
       D:15 |   20851 |    3567 |  14.6 |      44 |       9 |  17.0
     Lair:1 |    2722 |     302 |  10.0 |      12 |       2 |  14.3
     Lair:2 |    3308 |     169 |   4.9 |      15 |       1 |   6.2
     Lair:3 |    3717 |     627 |  14.4 |      15 |       2 |  11.8
     Lair:4 |    3698 |    2414 |  39.5 |      11 |       7 |  38.9
     Lair:5 |   10972 |     148 |   1.3 |      35 |       1 |   2.8
     Lair:6 |   25226 |    9065 |  26.4 |      63 |      32 |  33.7
   Shoals:1 |   15067 |     174 |   1.1 |      29 |       1 |   3.3
   Shoals:2 |    8901 |       0 |   0.0 |      18 |       0 |   0.0
   Shoals:3 |   12925 |    3707 |  22.3 |      27 |       4 |  12.9
   Shoals:4 |    8352 |   25084 |  75.0 |      17 |      36 |  67.9
    Snake:1 |   10502 |       0 |   0.0 |      22 |       0 |   0.0
    Snake:2 |   17410 |       0 |   0.0 |      33 |       0 |   0.0
    Snake:3 |   24332 |    4489 |  15.6 |      44 |      18 |  29.0
    Snake:4 |   33024 |   51351 |  60.9 |      70 |      69 |  49.6
    Slime:1 |   19186 |       0 |   0.0 |      40 |       0 |   0.0
    Slime:2 |   17583 |       0 |   0.0 |      24 |       0 |   0.0
    Slime:3 |   17118 |       0 |   0.0 |      30 |       0 |   0.0
    Slime:4 |   23965 |    4437 |  15.6 |      28 |       3 |   9.7
    Slime:5 |   10503 |   32265 |  75.4 |      13 |      10 |  43.5
      Orc:1 |    4594 |    7716 |  62.7 |      37 |      20 |  35.1
      Orc:2 |    2947 |    8587 |  74.4 |      33 |      20 |  37.7
      Elf:1 |   13905 |   41238 |  74.8 |      21 |      70 |  76.9
      Elf:2 |   13345 |    5926 |  30.8 |      22 |       5 |  18.5
      Elf:3 |   17938 |   56210 |  75.8 |      28 |      38 |  57.6
   Vaults:1 |   28269 |   10880 |  27.8 |      45 |      18 |  28.6
   Vaults:2 |   36583 |   23743 |  39.4 |      61 |      26 |  29.9
   Vaults:3 |   46479 |   44414 |  48.9 |      65 |      64 |  49.6
   Vaults:4 |   32303 |   18228 |  36.1 |      39 |      23 |  37.1
   Depths:1 |   65406 |   15624 |  19.3 |      82 |      12 |  12.8
   Depths:2 |   20859 |   39544 |  65.5 |      36 |      43 |  54.4
   Depths:3 |   28781 |   10261 |  26.3 |      41 |       9 |  18.0
   Depths:4 |    9135 |   93746 |  91.1 |       9 |     100 |  91.7
   Depths:5 |   17966 |   19782 |  52.4 |      21 |      18 |  46.2
      Zot:1 |   70497 |       0 |   0.0 |      44 |       0 |   0.0
      Zot:2 |   17428 |       0 |   0.0 |      11 |       0 |   0.0
      Zot:3 |   61794 |       0 |   0.0 |      41 |       0 |   0.0
      Zot:4 |   58961 |    7949 |  11.9 |      28 |       4 |  12.5
      Zot:5 |   65901 |  159398 |  70.7 |      34 |      41 |  54.7
        Lab |       0 |    1292 | 100.0 |       0 |       1 | 100.0
     WizLab |    2633 |   50515 |  95.0 |      10 |      45 |  81.8
            +---------+---------+-------+---------+---------+-------
